 Dungeon Crawl Stone Soup version 0.28-a0-872-g80cf8599ee (webtiles) character file.

Game seed: 9898060758666427233

13693 sanka the Cleaver (level 11, -8/97 HPs)
             Began as a Palentonga Fighter on Nov 20, 2021.
             Was a High Priest of Okawaru.
             Killed by divine providence
             ... invoked by a meliai
              (10 damage)
             ... on level 10 of the Dungeon.
             The game lasted 00:21:44 (13546 turns).

sanka the Cleaver (Palentonga Fighter)             Turns: 13546, Time: 00:21:45

Health: -8/97      AC: 30    Str: 28    XL:     11   Next: 78%
Magic:  18/18      EV: 10    Int: 12    God:    Okawaru [*****.]
Gold:   492        SH: 13    Dex: 11    Spells: 10/10 levels left

rFire   . . .      SeeInvis +   a - +0 war axe
rCold   . . .      Faith    .   H - +3 kite shield of Parlour Games {-Cast Will+++ Str+8 Slay-4}
rNeg    . . .      Spirit   .   D - +6 scale mail of Anaesthesia {Fly Int+2 SInv}
rPois   +          Reflect  .   e - +2 hat
rElec   .          Harm     .   c - +0 cloak
rCorr   .          Rampage  .   C - +1 pair of gloves
Will    +++..      NoCast   +   (no barding)
Stlth   +.........              m - amulet of the acrobat
HPRegen 0.26/turn               E - +4 ring of protection
MPRegen 0.16/turn               t - ring of poison resistance

@: mighty, heroic, flying, curled up
A: large, rugged brown scales 3, see invisible, deformed body, roll 1, armoured
tail, reflexive curl
a: Rolling Charge, Renounce Religion, Heroism, Finesse, Duel


You were on level 10 of the Dungeon.
You worshipped Okawaru.
Okawaru was extremely pleased with you.
You visited 2 branches of the dungeon, and saw 11 of its levels.

You collected 492 gold pieces.


Innate Abilities, Weirdness & Mutations

You are completely covered in rugged brown scales. (AC +3, +7% HP)
You have supernaturally acute eyesight. (SInv)
Armour fits poorly on your strangely shaped body.
You can roll at nearby foes to attack.
You have a long armoured tail.
You curl defensively after being hit. (AC +7*)


   Skills:
 + Level 10.3(15.3) Fighting
 - Level 13.0(18.0) Axes
 + Level 3.2(8.2) Armour
 + Level 1.8(6.8) Dodging
 - Level 4.0(9.0) Shields
 - Level 10.0 Invocations


You had 10 spell levels left.
You didn't know any spells.
Your spell library contained the following spells:

 Spells                   Type           Power      Damage    Failure   Level
 Pain                     Necr           0%         1d4       54%         1
 Blink                    Tloc           0%         N/A       67%         2
 Ensorcelled Hibernation  Hex/Ice        0%         N/A       67%         2
 Conjure Flame            Conj/Fire      0%         6-21      88%         3
 Ignite Poison            Fire/Tmut/Pois 0%         N/A       88%         3
 Lesser Beckoning         Tloc           0%         N/A       88%         3
 Vampiric Draining        Necr           0%         2d6       88%         3
 Sticky Flame             Conj/Fire      0%         2d3       99%         4
 Manifold Assault         Tloc           0%         N/A       100%        5
 Dispersal                Tloc           0%         N/A       100%        6
 Disjunction              Tloc           0%         N/A       100%        8
 Animate Skeleton         Necr           Unusable   N/A       N/A         1
 Tukima's Dance           Hex            Unusable   N/A       N/A         3

Inventory:

Hand Weapons
 a - a +0 war axe (weapon)
 b - a +2 hand axe of flaming
Armour
 c - a +0 cloak (worn)
 e - a +2 hat (worn)
 C - a +1 pair of gloves (worn)
 D - the +6 scale mail of Anaesthesia (worn) {Fly Int+2 SInv}

   Int:       It affects your intelligence (+2).
   SInv:      It lets you see invisible.
   Fly:       It grants you flight.
 H - the +3 kite shield of Parlour Games (worn) {-Cast Will+++ Str+8 Slay-4}

   Str:       It affects your strength (+8).
   Slay:      It affects your accuracy & damage with ranged weapons and melee
   (-4).
   -Cast:     It prevents spellcasting.
   Will:      It greatly increases your willpower.
Magical Staves
 o - a staff of air
Jewellery
 m - an amulet of the acrobat (around neck)
 t - a ring of poison resistance (right hand)
 B - a ring of flight
 E - a +4 ring of protection (left hand)
Wands
 d - a wand of digging (7)
 w - a wand of mindburst (11)
 G - a wand of acid (13)
Scrolls
 h - 2 scrolls of enchant armour
 l - 5 scrolls of magic mapping
 n - 5 scrolls of teleportation {@r4}
 r - a scroll of acquirement {unknown}
 u - a scroll of torment {!r}
 v - a scroll of amnesia {unknown}
 y - 2 scrolls of blinking {unknown}
 z - a scroll of vulnerability {!r}
 F - 2 scrolls of enchant weapon
 L - a scroll of holy word
Potions
 f - a potion of brilliance {unknown}
 g - a potion of berserk rage {unknown}
 i - 2 potions of flight {unknown}
 j - 3 potions of mutation {unknown}
 k - a potion of attraction {unknown}
 p - a potion of degeneration {unknown}
 s - 3 potions of ambrosia {unknown}
 x - 3 potions of haste {unknown}
 A - 4 potions of curing {unknown}
 J - 2 potions of heal wounds {unknown}

Dungeon Overview and Level Annotations

Branches:
Dungeon (10/15)            Temple (1/1) D:5            Lair (0/6) D:8
    Orc (0/2) D:9

Altars:
Ashenzari
Cheibriados
Dithmenos
Elyvilon
Fedhas
Gozag
Hepliaklqana
Kikubaaqudgha
Makhleb
Nemelex Xobeh
Okawaru
Qazlal
Ru
Sif Muna
Trog
Uskayaw
Vehumet
Wu Jian
Xom
Yredelemnul
Zin
The Shining One
Beogh
Lugonu

Shops:
D:4 ** D:6

*( ..▒♣♣.♣♣♣♣.♣.♣.≈≈≈.♣.♣.♣♣.♣
♣.▒.▒ .....♣.........≈≈≈.)†.†...♣
♣....
▒.▒♣♣.♣♣♣♣.♣.♣.≈≈≈.♣.♣.♣♣.♣♣♣.▒..
▒.▒ ♣.♣ ♣♣♣♣♣♣...♣♣♣♣♣♣▒.....▒..
▒.▒ ▒▒▒ ▒▒▒▒♣.♣▒ ▒▒▒▒▒▒▒.. ▒▒▒
♣###♣..♣♣ ▒.....▒.. .♣♣#.#♣♣..♣♣
▒.♣♣♣.▒▒. ▒..#....♣♣..♣♣
▒.....▒▒▒ ▒▒▒ ▒####☼.)H♣♣..♣♣
▒▒'▒▒.▒▒▒ ..▒ ▒###§§♣♣♣H♣♣..♣♣
▒..▒.▒.. .▒▒ ▒##§§♣♣
▒y♣♣..♣▒▒..▒.▒.. ▒▒ ▒.▒▒.###♣
O.♣♣..▒▒▒)▒.▒.. ▒ ▒....##♣
▒♣♣....▒'▒.▒.▒ ▒ ▒.▒▒♣♣.☼#♣
▒♣..♣▒.▒.▒▒▒▒▒ ▒ ♣♣☼☼♣♣
▒♣..♣♣▒.▒..▒ ▒ ▒ ♣♣..♣♣♣♣..♣♣
▒.▒..▒ ▒ ▒▒ ♣♣..♣♣..♣♣ ▒(▒▒)▒▒


You could see a sphinx, an ogre mage (invisible) and a meliai.


Message History

Something appears at your feet!
The forest fire spreads!
Your base Armour skill increases to level 3!
You barely miss the sphinx. You tail-slap the sphinx.
The sphinx is lightly wounded.
Unknown command.
You slice the sphinx!!
The sphinx is moderately wounded.
The sphinx hits you!
* * * LOW HITPOINT WARNING * * *
The sphinx closely misses you. The sphinx barely misses you.
The forest fire spreads!
You slash the sphinx!
The sphinx is heavily wounded.
The meliai calls down the wrath of its god upon you.
Something smites you!
* * * LOW HITPOINT WARNING * * *
You block the sphinx's attack. You block the sphinx's attack.
The sphinx hits you but does no damage.
The forest fire spreads!
The forest fire spreads!
You slice the sphinx!! You tail-slap the sphinx!
The sphinx is almost dead.
The meliai calls down the wrath of its god upon you.
Something smites you!
You die...

Action                   |  1- 3 |  4- 6 |  7- 9 | 10-12 || total
-------------------------+-------+-------+-------+-------++-------
Melee: War axe           |   116 |   183 |   314 |   449 ||  1062
       Tailslap          |    12 |    12 |    43 |    92 ||   159
Invok: Heroism           |       |       |     3 |    10 ||    13
       Finesse           |       |       |       |     1 ||     1
 Abil: Rolling Charge    |     4 |     4 |     9 |     6 ||    23
Evoke: Wand              |       |       |     2 |       ||     2
  Use: Potion            |     1 |       |       |     1 ||     2
       Scroll            |       |       |       |     7 ||     7
 Stab: Distracted        |       |     1 |       |       ||     1
       Paralysed         |       |       |     6 |       ||     6
Armor: Scale mail        |   106 |    95 |   183 |   237 ||   621
Dodge: Dodged            |    51 |    72 |   134 |   155 ||   412
Block: Buckler           |    23 |    24 |    55 |    12 ||   114
       Kite shield       |       |       |       |   223 ||   223

Levels and vault maps discovered:
D:1:      amcnicky_arrival_choice, layout_basic, nrook_mini_vaults
D:2:      layout_loops_cross, basic_altar, shapermc_ecumenical_altar_rom_forum
D:3:      layout_loops_corners, uniq_ijyb
D:4:      cheibrodos_fertilizer, layout_loops_ring,
          lemuel_mausoleum_altar_yredelemnul, minmay_misc_feat_x,
          nicolae_elemental_shop, nicolae_shop_clearance, uniq_sigmund
D:5:      layout_loops_ring, nicolae_elyvilon_peaceful_grove, okawaru_trees_2,
          minmay_temple_entry_statues_pillars
D:6:      layout_loops_ring, kennysheep_little_box, lemuel_doored_altar,
          serial_shops, nicolae_square_shop, nicolae_shop_bloodbath_and_beyond,
          ebering_ghost_disaster_area, nrook_loot_triangle
D:7:      nicolae_whirlpool, layout_cave_pools, nzn_wu_jian_council_hall,
          nicolae_vehumet_altar_sigil, grunt_ministairs_14,
          kennysheep_generic_room_12
D:8:      layout_loops_ring, lemuel_round_altar, lair_entry_dummy
D:9:      gammafunk_beogh_shrine, layout_basic,
          nicolae_overflow_hallway_of_the_gods,
          mainiacjoe_overflow_tiny_flanked, tso_metal_star, zombieorc2_lemuel,
          minmay_misc_feat_rows
D:10:     nzn_winding_woodlands_large [nzn_winding_woodlands_5x5_perimeter,
          nzn_winding_woodlands_5x15_pool, nzn_winding_woodlands_5x5_cross,
          nzn_winding_woodlands_center_lodge,
          nzn_winding_woodlands_15x15_thick_spiral,
          nzn_winding_woodlands_center_diamonds,
          nzn_winding_woodlands_5x5_closed_star,
          nzn_winding_woodlands_5x15_concentric,
          nzn_winding_woodlands_5x5_open_star], layout_layer_cave,
          ashenzari_altar_1
Temple:   corrupted_temple

Notes
Turn   | Place    | Note
-------+----------+-------------------------------------------
     0 | D:1      | sanka the Palentonga Fighter began the quest for the Orb.
     0 | D:1      | Reached XP level 1. HP: 19/19 MP: 1/1
   492 | D:1      | Reached XP level 2. HP: 23/25 MP: 2/2
   649 | D:1      | Reached skill level 3 in Axes
  1055 | D:1      | Reached XP level 3. HP: 31/31 MP: 3/3
  1238 | D:2      | Found a faded altar of an unknown god.
  1456 | D:2      | Found a shimmering blue altar of Sif Muna.
  1521 | D:2      | Reached skill level 4 in Axes
  1730 | D:3      | Noticed Ijyb
  2053 | D:2      | Killed Ijyb
  2054 | D:2      | Reached XP level 4. HP: 25/37 MP: 4/4
  2153 | D:3      | Noticed a bullfrog
  2164 | D:3      | Killed a bullfrog
  2165 | D:3      | Reached skill level 5 in Axes
  2303 | D:3      | Reached XP level 5. HP: 41/43 MP: 5/5
  2582 | D:3      | Reached skill level 6 in Axes
  2992 | D:3      | Noticed a water moccasin
  3016 | D:3      | Killed a water moccasin
  3017 | D:3      | Reached XP level 6. HP: 9/50 MP: 6/6
  3480 | D:3      | Reached skill level 7 in Axes
  4260 | D:4      | Identified the +2 leather armour of the Gate {Harm Str+6
                  | Dex-5 SInv}
  4306 | D:4      | HP: 4/50 [frozen (2)]
  4320 | D:4      | HP: 5/50 [frozen (1)]
  4778 | D:4      | Noticed Sigmund
  4796 | D:4      | Killed Sigmund
  4797 | D:4      | Reached skill level 8 in Axes
  4797 | D:4      | Gained mutation: You curl defensively after being hit. (AC
                  | +7*) [Palentonga growth]
  4797 | D:4      | Reached XP level 7. HP: 49/56 MP: 7/7
  4854 | D:4      | Reached skill level 4 in Fighting
  5303 | D:4      | Reached skill level 5 in Fighting
  5374 | D:4      | Found Mefoyts's CLEARANCE SALE!.
  5421 | D:4      | Found Baarom's Elemental Accessories.
  5530 | D:4      | Reached XP level 8. HP: 68/68 MP: 8/8
  5542 | D:4      | Reached skill level 6 in Fighting
  5591 | D:4      | Found a basalt altar of Yredelemnul.
  5936 | D:5      | Entered Level 5 of the Dungeon
  6004 | D:4      | Reached skill level 9 in Axes
  6388 | D:5      | Found a staircase to the Ecumenical Temple.
  6411 | Temple   | Entered the Ecumenical Temple
  6495 | D:5      | Found a white marble altar of Elyvilon.
  6512 | D:5      | Reached skill level 10 in Axes
  6795 | D:5      | Found an iron altar of Okawaru.
  6798 | D:5      | Became a worshipper of Warmaster Okawaru
  6975 | D:6      | Found an opulent altar of Gozag.
  7029 | D:6      | Reached skill level 1 in Invocations
  7145 | D:6      | Identified the +6 scale mail of Anaesthesia {Fly Int+2
                  | SInv}
  7182 | D:6      | Reached XP level 9. HP: 30/75 MP: 10/10
  7404 | D:6      | Found Ziuranel's Assorted Antiques.
  7417 | D:6      | Noticed a two-headed ogre
  7471 | D:6      | Reached skill level 2 in Invocations
  7552 | D:6      | Found a shadowy altar of Dithmenos.
  7630 | D:6      | Found Lituguor's Weapon Emporium.
  7804 | D:6      | Killed a two-headed ogre
  7804 | D:6      | Reached * piety under Okawaru
  7805 | D:6      | Reached skill level 7 in Fighting
  7805 | D:6      | Reached skill level 3 in Invocations
  7865 | D:6      | Reached skill level 4 in Invocations
  8079 | D:6      | Found a large runed translucent door.
  8079 | D:6      | Found a large runed translucent door.
  8081 | D:6      | Noticed Tenar's ghost (novice DsFi)
  8216 | D:6      | Killed Tenar's ghost
  8217 | D:6      | Reached skill level 11 in Axes
  8267 | D:7      | Reached skill level 8 in Fighting
  8668 | D:7      | Found a radiant altar of Vehumet.
  8737 | D:7      | Found an ornate altar of the Wu Jian Council.
  8785 | D:7      | Reached ** piety under Okawaru
  8930 | D:7      | Reached XP level 10. HP: 58/87 MP: 10/13
  9490 | D:8      | Found a staircase to the Lair.
  9504 | D:8      | Reached skill level 9 in Fighting
  9617 | D:8      | Found a hazy altar of Hepliaklqana.
  9856 | D:8      | Reached skill level 12 in Axes
 10367 | D:9      | Found a transporter.
 10375 | D:9      | Found a transporter.
 10467 | D:9      | Found a stormy altar of Qazlal.
 10479 | D:9      | Reached *** piety under Okawaru
 10533 | D:9      | Identified the +3 kite shield of Parlour Games {-Cast
                  | Will+++ Str+8 Slay-4}
 10619 | D:9      | Reached skill level 3 in Shields
 10719 | D:9      | Found a sparkling altar of Nemelex Xobeh.
 10734 | D:9      | Found a snail-covered altar of Cheibriados.
 10737 | D:9      | Found a bloodstained altar of Trog.
 10742 | D:9      | Found a sacrificial altar of Ru.
 10749 | D:9      | Found an ancient bone altar of Kikubaaqudgha.
 10779 | D:9      | Found a glowing golden altar of the Shining One.
 10866 | D:9      | Found a staircase to the Orcish Mines.
 10879 | D:9      | Reached skill level 4 in Shields
 11557 | D:9      | Noticed a two-headed ogre
 11564 | D:9      | Reached skill level 10 in Fighting
 11830 | D:10     | Entered Level 10 of the Dungeon
 11838 | D:10     | Reached **** piety under Okawaru
 11839 | D:10     | Reached skill level 13 in Axes
 11961 | D:10     | Identified +0 acid dragon scales
 12167 | D:10     | Reached XP level 11. HP: 90/96 MP: 12/14
 12174 | D:10     | Reached skill level 5 in Invocations
 12280 | D:10     | Noticed a two-headed ogre
 12289 | D:10     | Killed a two-headed ogre
 12290 | D:10     | Reached skill level 6 in Invocations
 12310 | D:10     | Reached skill level 7 in Invocations
 12314 | D:10     | Noticed a centaur warrior
 12330 | D:10     | Killed a centaur warrior
 12331 | D:10     | Reached skill level 8 in Invocations
 12469 | D:10     | Reached ***** piety under Okawaru
 12805 | D:10     | Reached skill level 9 in Invocations
 13207 | D:10     | Found a broken altar of Ashenzari.
 13379 | D:10     | Noticed a mana viper
 13379 | D:10     | Noticed a shock serpent
 13379 | D:10     | a mana viper changed into a shock serpent
 13391 | D:10     | Noticed a shining eye
 13421 | D:10     | Noticed a deep troll
 13421 | D:10     | a redback changed into a deep troll
 13423 | D:10     | a deep troll changed into a snapping turtle
 13426 | D:10     | Noticed an anaconda
 13426 | D:10     | an eye of devastation changed into an anaconda
 13430 | D:10     | Killed an anaconda
 13431 | D:10     | Reached skill level 10 in Invocations
 13440 | D:10     | Reached skill level 1 in Dodging
 13533 | D:10     | Noticed a tengu warrior
 13535 | D:10     | Noticed a sphinx
 13535 | D:10     | Noticed an ogre mage
 13542 | D:10     | Killed a tengu warrior
 13542 | D:10     | Received a gift from Okawaru
 13543 | D:10     | Reached skill level 3 in Armour
 13545 | D:10     | HP: 2/97 [meliai/divine providence (13)]
 13546 | D:10     | Killed from afar by a meliai

Vanquished Creatures
  An anaconda (shapeshifter) (D:10)
  A centaur warrior (D:10)
  2 two-headed ogres
  A tengu warrior (D:10)
  A cyclops (D:10)
  2 manticores (D:10)
  The ghost of Tenar the Chopper, a novice DsFi (D:6)
  An efreet (D:10)
  Sigmund (D:4)
  3 wraiths
  2 wyverns
  11 yaks
  2 shadows
  A basilisk (D:10)
  A steam dragon (D:10)
  2 acid dragons (D:10)
  2 water moccasins
  4 orc warriors
  An ice beast (D:6)
  4 ogres
  4 necrophages
  6 centaurs
  4 phantoms
  2 kobold brigands
  2 bullfrogs
  A wyvern zombie (D:6)
  2 scorpions
  A water moccasin skeleton (D:6)
  3 troll zombies (D:9)
  11 killer bees
  11 wights
  A human zombie (D:4)
  A bullfrog zombie (D:4)
  A centaur skeleton (D:7)
  4 hounds
  5 jellies
  5 centaur zombies
  A gnoll shaman (D:3)
  4 orc priests
  5 iguanas
  Ijyb (D:2)
  4 orc wizards
  A killer bee zombie (D:8)
  5 ogre zombies (D:9)
  2 hound zombies (D:4)
  A hound skeleton (D:5)
  A mummy (D:4)
  3 howler monkey zombies
  A howler monkey skeleton (D:6)
  4 adders (D:3)
  4 gnolls (D:3)
  2 white imps
  2 ufetubi
  4 adder zombies (D:4)
  A worm (D:3)
  20 orcs
  15 endoplasms
  2 giant cockroaches
  7 goblins
  6 hobgoblins
  4 jackals (D:1)
  32 kobolds
  3 quokkas
  3 ball pythons
  8 bats
  2 frilled lizards (D:2)
  5 goblin zombies (D:9)
  3 hobgoblin zombies (D:9)
  2 orc skeletons (D:9)
  15 orc zombies (D:9)
  A quokka skeleton (D:4)
  6 rats
288 creatures vanquished.

Vanquished Creatures (others)
  An orc wizard (D:9)
  A fungus (D:4)
  10 toadstools (D:4)
12 creatures vanquished.

Grand Total: 300 creatures vanquished
